 Dungeon Sprint DCSS version 0.23.2-1-ga50397a6bc (webtiles) character file.

Game seed: 10675206755404432639

112 Kobolds4U the Cleaver (level 4, -1/45 HPs)
             Began as a Minotaur Berserker on May 21, 2019.
             Was a Priest of Trog.
             Slain by a porcupine (4 damage)
             ... in the Dungeon (Sprint VII: "The Pits").
             The game lasted 00:01:01 (139 turns).

Kobolds4U the Cleaver (Minotaur Berserker)           Turns: 139, Time: 00:01:03

Health: -1/45      AC:  2    Str: 22    XL:     4   Next: 63%
Magic:  3/3        EV: 12    Int:  4    God:    Trog [***...]
Gold:   0          SH:  0    Dex: 10    Spells: 3/3 levels left

rFire    . . .     SeeInvis .   k - +2 hand axe
rCold    . . .     Gourm    .   (no shield)
rNeg     . . .     Faith    .   b - +0 animal skin
rPois    .         Spirit   .   (helmet restricted)
rElec    .         Reflect  .   (no cloak)
rCorr    .         Harm     .   (no gloves)
MR       .....     NoTele   +   (no boots)
Stlth    +.........             (no amulet)
HPRegen  0.15/turn              (no ring)
MPRegen  0.08/turn              (no ring)

@: no status effects
A: retaliatory headbutt, horns 2
a: Berserk, Trog's Hand, Renounce Religion


You were in the Dungeon.
You worshipped Trog.
Trog was most pleased with you.
You were not hungry.

You visited 1 branch

Inventory:

Hand Weapons
 a - a +0 hand axe
 k - a +2 hand axe (weapon)
 l - a +2 mace
Armour
 b - a +0 animal skin (worn)
Scrolls
 i - a scroll of blinking
 n - 3 scrolls of remove curse
 o - a scroll of summoning
 p - 2 scrolls of vulnerability
Potions
 d - a potion of curing
 f - a potion of haste
 g - 4 potions of magic
 h - 3 potions of berserk rage
 m - 2 potions of invisibility
Comestibles
 c - 9 rations
 j - 2 chunks of flesh


   Skills:
 + Level 6.6 Fighting
 * Level 8.7 Axes
 + Level 6.0 Armour
 - Level 2.1 Dodging


You had 3 spell levels left.
You didn't know any spells.
Your spell library was empty.

Dungeon Overview and Level Annotations

Branches:
Dungeon (1/1)

Altars:
Cheibriados
Dithmenos
Elyvilon
Fedhas
Gozag
Hepliaklqana
Makhleb
Nemelex Xobeh
Okawaru
Qazlal
Ru
Sif Muna
Trog
Wu Jian
Xom
Yredelemnul
Zin
The Shining One
Jiyva


Innate Abilities, Weirdness & Mutations

You reflexively headbutt those who attack you in melee.
You have a pair of horns on your head.


Message History

The ufetubus hits you. x2; The porcupine completely misses you.
You furiously retaliate!
You headbutt the porcupine!
You are struck by the porcupine's spines.
* * * LOW HITPOINT WARNING * * *
You miss the porcupine. Your headbutt misses the porcupine.
The porcupine is almost dead.
You barely miss the ufetubus.
The ufetubus hits you but does no damage.
The ufetubus hits you.
* * * LOW HITPOINT WARNING * * *
The porcupine closely misses you. You furiously retaliate!
You headbutt the porcupine, but do no damage.
You barely miss the porcupine.
The porcupine is almost dead.
You hit the ufetubus. The ufetubus hits you.
* * * LOW HITPOINT WARNING * * *
The ufetubus closely misses you. The ufetubus barely misses you.
You furiously retaliate!
You headbutt the ufetubus. The ufetubus barely misses you.
The porcupine bites you.
You die...

##########.##........
#..........÷'........
+#####'#####......#.
#..#.).'.##........
#..#...#.#####'####
#..#####.##.......#
#..'...#.##.......#
#5.'...'.##.......#
#.@########...<...#
#†r+ #.......# #..#
#.......# ####
#.......# #########


You could see a porcupine and an ufetubus.

Vanquished Creatures
  A floating eye (D)
  An adder (D)
  2 leopard geckos (D)
  A kobold (D)
  A frilled lizard (D)
  A jackal skeleton (D)
7 creatures vanquished.

Notes
Turn   | Place    | Note
-------+----------+-------------------------------------------
     0 | D        | Kobolds4U the Minotaur Berserker began the quest for the
                  | Orb.
     0 | D        | Reached XP level 1. HP: 19/19 MP: 0/0
    13 | D        | Reached skill level 4 in Axes
    25 | D        | Found a glowing golden altar of the Shining One.
    25 | D        | Found a glowing silver altar of Zin.
    25 | D        | Found a basalt altar of Yredelemnul.
    25 | D        | Found a shimmering altar of Xom.
    25 | D        | Found an ornate altar of the Wu Jian Council.
    25 | D        | Found a bloodstained altar of Trog.
    25 | D        | Found a deep blue altar of Sif Muna.
    25 | D        | Found a sacrificial altar of Ru.
    25 | D        | Found a stormy altar of Qazlal.
    25 | D        | Found an iron altar of Okawaru.
    25 | D        | Found a sparkling altar of Nemelex Xobeh.
    25 | D        | Found a burning altar of Makhleb.
    25 | D        | Found a viscous altar of Jiyva.
    25 | D        | Found a hazy altar of Hepliaklqana.
    25 | D        | Found an opulent altar of Gozag.
    25 | D        | Found a blossoming altar of Fedhas.
    25 | D        | Found a white marble altar of Elyvilon.
    25 | D        | Found a shadowy altar of Dithmenos.
    25 | D        | Found a snail-covered altar of Cheibriados.
    67 | D        | Reached ** piety under Trog
   121 | D        | Noticed a floating eye
   124 | D        | Paralysed by a floating eye for 4 turns
   128 | D        | Killed a floating eye
   128 | D        | Reached skill level 8 in Axes
   128 | D        | Reached skill level 5 in Armour
   128 | D        | Reached XP level 2. HP: 31/31 MP: 1/1
   128 | D        | Reached XP level 3. HP: 38/38 MP: 2/2
   128 | D        | Reached XP level 4. HP: 45/45 MP: 3/3
   133 | D        | Noticed a porcupine
   136 | D        | Reached *** piety under Trog
   136 | D        | HP: 2/45 [ufetubus (2)]
   139 | D        | Slain by a porcupine

Skill      XL: |  1  2  3  4 |
---------------+-------------+-----
Axes           | 8 |  8.7
Fighting       | 6 |  6.6
Armour         | 5 6 |  6.0
Dodging        | |  2.1

Action                   |  1- 3 |  4- 6 || total
-------------------------+-------+-------++-------
Melee: Hand axe          |    14 |     4 ||    18
       Headbutt          |     3 |     1 ||     4
  Use: Potion            |       |     1 ||     1
Armor: Animal skin       |     5 |     2 ||     7
Dodge: Dodged            |     8 |     9 ||    17
